 Dungeon Crawl Stone Soup version 0.32-a0-18-g89e19f1974 (webtiles) character file.

Game seed: 5828165791642373674

47 Malachi the Magician (level 3, -5/25 HPs)
             Began as a Djinni Fire Elementalist on Jan 16, 2024.
             Slain by Robin
             ... wielding a +0 trident
              (8 damage)
             ... on level 2 of the Dungeon.
             The game lasted 00:02:37 (1830 turns).

Malachi the Magician (Djinni Fire Elementalist)     Turns: 1830, Time: 00:02:37

Health: -5/25      AC:  2    Str:  7    XL:     3   Next: 97%
Gold:   78         EV: 12    Int: 18    God:
                   SH:  0    Dex: 13

rFire   + + .        (no weapon)
rCold   x . .        (no shield)
rNeg    . . .        a - +0 robe
rPois   ∞            (no helmet)
rElec   .            (no cloak)
rCorr   .            (no gloves)
SInv    .            (boots unavailable)
Will    .....        (no amulet)
Stlth   ++           (no ring)
HPRegen 0.24/turn    (no ring)
MPRegen 0.00/turn

%: infuse magic (-6 HP)
@: flying
A: sickness immunity, fire resistance 2, cold vulnerability 1, float, innate
caster, HP casting, extra vitality 1
a: no special abilities


You were on level 2 of the Dungeon.
You visited 1 branch of the dungeon, and saw 2 of its levels.

You collected 78 gold pieces.

Inventory:

Armour
 a - a +0 robe (worn)
Scrolls
 b - a scroll of teleportation {unknown}
 c - a scroll of poison {unknown}
Potions
 d - a potion of brilliance {unknown}


   Skills:
 - Level 2.2 Dodging
 - Level 1.6 Stealth
 + Level 4.0 Spellcasting
 + Level 4.0 Conjurations
 + Level 4.0 Hexes
 + Level 4.0 Summonings
 + Level 4.0 Necromancy
 + Level 4.0 Translocations
 + Level 4.0 Fire Magic
 + Level 4.0 Ice Magic
 + Level 4.0 Air Magic
 + Level 4.0 Earth Magic
 + Level 4.0 Alchemy


You knew the following spells:

 Your Spells              Type           Power      Damage    Failure   Level
a - Foxfire               Conj/Fire      72%        2x1d7     2%          1
b - Scorch                Fire           36%        2d6       4%          2
c - Volatile Blastmotes   Fire/Tloc      36%        2d13      9%          3
d - Inner Flame           Hex/Fire       18%        N/A       9%          3
e - Flame Wave            Conj/Fire      18%        2d7       26%         4
f - Sting                 Conj/Alch      72%        1d7       2%          1
Your spell library was empty.

Dungeon Overview and Level Annotations

Branches:
Dungeon (2/15)

Altars:

Annotations:
D:2 Robin


Innate Abilities, Weirdness & Mutations

You are immune to sickness and miasma.
You are immune to poison.
Your flesh is very heat resistant. (rF++)
You are vulnerable to cold. (rC-)
You float through the air rather than walking.
You learn spells naturally, not from books.
Your magical power is your life essence.
You have superior vitality. (+4 MHP)


Message History

Press: ? - help, Q - select action, (/) - cycle Shift-Dir - straight line, f/p - goblin
Aim: a goblin, wielding a +0 dagger (severely wounded, poisoned, 67% to hit)
The sting hits the goblin!
The goblin looks even sicker.
You kill the goblin!
Aiming: Sting (safe; 2% risk of failure)
Press: ? - help, Q - select action, (/) - cycle Shift-Dir - straight line, f - hobgoblin
Aim: a hobgoblin (74% to hit)
The sting hits the hobgoblin.
The hobgoblin is poisoned.
The hobgoblin is lightly wounded.
Aiming: Sting (safe; 2% risk of failure)
Press: ? - help, Q - select action, (/) - cycle Shift-Dir - straight line, f/p - hobgoblin
Aim: a hobgoblin (lightly wounded, poisoned, 74% to hit)
The sting hits the hobgoblin.
The hobgoblin looks even sicker.
The hobgoblin is severely wounded.
The hobgoblin closely misses you. Robin barely misses you.
Aiming: Sting (safe; 2% risk of failure)
Press: ? - help, Q - select action, (/) - cycle Shift-Dir - straight line, f/p - hobgoblin
Aim: a hobgoblin (severely wounded, very poisoned, 74% to hit)
The sting misses the hobgoblin.
The sting hits Robin.
Robin is poisoned.
Robin is lightly wounded.
The hobgoblin hits you.
Robin hits you from afar with a +0 trident.
Aiming: Sting (safe; 2% risk of failure)
Press: ? - help, Q - select action, (/) - cycle Shift-Dir - straight line, f/p - hobgoblin
Aim: a hobgoblin (almost dead, very poisoned, 74% to hit)
The sting misses the hobgoblin.
The sting hits Robin.
Robin looks even sicker.
Robin is moderately wounded.
You kill the hobgoblin!
Robin hits you from afar with a +0 trident!
* * * LOW HITPOINT WARNING * * *
Aiming: Sting (safe; 2% risk of failure)
Press: ? - help, Q - select action, (/) - cycle Shift-Dir - straight line, f - Robin
Aim: Robin, wielding a +0 trident, wearing a +0 animal skin and wearing a +0 helmet (heavily wounded, very poisoned, 81% to hit)
The sting hits Robin.
Robin looks even sicker.
Robin is heavily wounded.
* * * LOW HITPOINT WARNING * * *
A kobold comes into view. It is wielding a +0 short sword.
Robin hits you from afar with a +0 trident!
You die...
Robin says, "And that's why I'm the boss."

##### #...#
#...###
###########.....#
...##.........#.#
......#####...#.##
<...### #...#..##
# ...##
.....##..#..# ...#
##.#...#.@....#
...#
##..#...#.#.....#
...#
#..##.#.g.####..#
...# ##.......##
..# ...# ....K÷..#
.# ##.. #....<###
. #...)<))# .#
......###g.#
###.#. .).#


You could see Robin (very poisoned) and a kobold.

Vanquished Creatures
  A dart slug (D:1)
  9 ball pythons
  3 endoplasms (D:1)
  2 giant cockroaches (D:1)
  11 goblins
  3 hobgoblins
  2 bats (D:1)
  2 frilled lizards
  2 kobolds (D:1)
  7 rats (D:1)
42 creatures vanquished.

Vanquished Creatures (others)
  70 foxfires (D:1)
70 creatures vanquished.

Grand Total: 112 creatures vanquished

Notes
Turn   | Place    | Note
-------+----------+-------------------------------------------
     0 | D:1      | Malachi the Djinni Fire Elementalist began the quest for
                  | the Orb.
     0 | D:1      | Malachi set off with the following spells memorised:
                  | Foxfire, Scorch, Volatile Blastmotes, Inner Flame, Flame
                  | Wave.
     0 | D:1      | Reached XP level 1. HP: 15/15 MP: 0/0
     0 | D:1      | Noticed a naga
     3 | D:1      | Noticed a troll
     3 | D:1      | Noticed a draconian
     5 | D:1      | Noticed a vine stalker
     6 | D:1      | Noticed a merfolk
     7 | D:1      | Noticed an armataur
    10 | D:1      | Noticed a vine stalker
    10 | D:1      | Noticed a tengu
    12 | D:1      | Noticed an armataur
    12 | D:1      | Noticed a ghoul
    14 | D:1      | Noticed a ghoul
    14 | D:1      | Noticed a troll
    16 | D:1      | Noticed a ghoul
    16 | D:1      | Noticed a vampire
    18 | D:1      | Noticed an oni
    20 | D:1      | Noticed a demonspawn
   176 | D:1      | Reached XP level 2. HP: 15/21 MP: 0/0
   204 | D:1      | HP: 1/21 [endoplasm (1)]
  1011 | D:1      | Reached XP level 3. HP: 21/25 MP: 0/0
  1011 | D:1      | Learned a level 1 spell: Sting
  1435 | D:2      | Noticed Robin
  1830 | D:2      | Slain by Robin

Illustrated notes

Levels and vault maps discovered:
D:1:      shiori_arrival_whats_in_store_for_you, layout_basic, st_stairs_13,
          minivault_26
D:2:      minmay_evil_eye, layout_rooms,
          dreamdust_ecumenical_altar_drowned_temple,
          minmay_fractal_squares_gapless_5, uniq_robin

Skill      XL: |  1  2  3 |
---------------+----------+-----
Spellcasting   | 4 |  4.0
Conjurations   | 4 |  4.0
Hexes          | 4 |  4.0
Summonings     | 4 |  4.0
Necromancy     | 4 |  4.0
Translocations | 4 |  4.0
Fire Magic     | 4 |  4.0
Ice Magic      | 4 |  4.0
Air Magic      | 4 |  4.0
Earth Magic    | 4 |  4.0
Alchemy        | 4 |  4.0
Dodging        | |  2.2
Stealth        | |  1.6

Action                     || total
---------------------------++-------
  Melee: Unarmed           ||     1
   Cast: Foxfire           ||    52
         Sting             ||    39
 Armour: Robe              ||    32
  Dodge: Dodged            ||    29

Table legend: (Time is in decaauts)
 A = Elapsed time spent in this place.
 B = Non-inter-level travel time spent in this place.
 C = Inter-level travel time spent in this place.
 D = Time resting spent in this place.
 E = Time spent auto-exploring this place.
 F = Levels seen in this place.
 G = Mean time per level.
                   A        B        C        D        E       F      G
               +--------+--------+--------+--------+--------+-----+--------+
         Total |   1831 |   1695 |    136 |    556 |    848 |   2 |  915.5 |
       Dungeon |   1831 |   1695 |    136 |    556 |    848 |   2 |  915.5 |
               +--------+--------+--------+--------+--------+-----+--------+

Top non-repeatable levels by time:
     D:1: 1777 daAuts
     D:2: 54 daAuts
